Description

Heromarine new TvT build for the new patch. Check video for more details.

VOD

https://www.youtube.com/watch?v=fYz9vtasm7g

Replay - 2026-07-01 - (T)MeroHarine VS (T)llllllllllll

Build Order

Get SALT Encoding   

  8  0:00  SCV  
  9  0:12  SCV  
  10  0:24  SCV  
  10  0:27  Supply Depot  
  11  0:36  SCV  
  12  0:48  SCV  
  13  0:54  Barracks  
  13  1:01  Refinery  
  13  1:05  SCV  
  14  1:17  SCV  
  15  1:29  SCV  
  16  1:41  Orbital Command  
  16  1:44  Reaper  
  17  2:07  SCV  
  18  2:11  Command Center  
  18  2:16  Reaper  
  18  2:19  SCV  
  20  2:23  Supply Depot  
  20  2:31  SCV  
  21  2:38  Factory  
  21  2:45  Refinery, SCV  
  22  2:57  SCV, Barracks Reactor  
  23  3:09  SCV  
  24  3:21  SCV  
  24  3:23  Starport, Orbital Command  
  25  3:33  SCV  
  26  3:37  Hellion x2  
  26  3:40  Orbital Command  
  30  3:42  Supply Depot  
  30  3:43  Barracks Tech Lab  
  30  3:45  SCV  
  31  3:57  SCV  
  31  3:58  Hellion x2  
  36  4:06  SCV x2  
  36  4:09  Raven  
  40  4:14  Supply Depot  
  40  4:18  SCV x2, Refinery  
  40  4:21  Hellion x2  
  46  4:25  Barracks Tech Lab  
  46  4:30  SCV x2  
  47  4:33  Interference Matrix  
  48  4:42  SCV x2  
  48  4:43  Supply Depot, Raven  
  51  4:50  Marine x2  
  51  4:52  Cyclone  
  57  4:54  SCV  
  57  4:59  Supply Depot  
  58  5:04  SCV x2  
  60  5:08  Marine x2  
  58  5:16  SCV x2  
  58  5:19  Raven  
  62  5:26  Marine x2  
  62  5:29  SCV x2, Siege Tank  
  67  5:41  SCV x2, Command Center  
  67  5:42  Supply Depot  
  71  5:53  SCV x2  
  71  6:00  Viking x2  
  71  6:01  Marine  
  71  6:02  Refinery  
  71  6:04  Siege Tank  
  79  6:06  Supply Depot, SCV x2  
  81  6:13  Supply Depot  
  81  6:14  Stimpack  
  81  6:18  SCV  
  82  6:27  Marine, SCV x2  
  82  6:30  Viking x2  
  89  6:40  Barracks x2, Siege Tank  
  89  6:42  SCV x2  
  94  6:47  Engineering Bay x2  
  94  6:54  SCV x2  
  94  6:56  Marine  
  97  7:02  SCV x2  
  103  7:08  Liberator x2  
  103  7:12  SCV  
  106  7:18  Marine, SCV  
  105  7:26  SCV x2, Barracks x2  
  81  7:31  Barracks Reactor x2  
  81  7:33  Orbital Command  
  81  7:34  Terran Infantry Weapons Level 1  
  80  7:37  Terran Infantry Armor Level 1  
  80  7:38  SCV x2  
  80  7:39  Marine  
  80  7:43  Siege Tank  
  86  7:47  Refinery x2  
  86  7:48  Supply Depot  
  86  7:50  SCV x2  
  87  7:51  Viking  
  91  7:58  SCV x2  
  91  8:01  Viking, Marine  
  91  8:04  Supply Depot x2  
  95  8:07  SCV x2  
  95  8:08  Missile Turret x2  
  95  8:11  Combat Shield  
  97  8:13  Barracks Reactor x2  
  97  8:15  SCV x2, Sensor Tower  
  97  8:18  Supply Depot  
  99  8:21  Marine x5  
  99  8:22  SCV x2  
  106  8:29  Supply Depot  
  106  8:30  Siege Tank  
  106  8:31  SCV x2  
  110  8:36  Medivac x2  
  110  8:38  Marine  
  110  8:39  SCV  
  117  8:44  Marine x4  
  118  8:55  Marine x5, Armory  
  118  8:59  Supply Depot  
  118  9:02  Marine x4  
  124  9:05  Siege Tank  
  124  9:08  Medivac x2  
  124  9:09  Factory  
  134  9:13  Supply Depot, Marine x5  
  139  9:20  Marine x4  
  143  9:26  Command Center  
  143  9:31  Marine x5  
  143  9:33  Supply Depot x2  
  143  9:38  Marine x4  
  150  9:44  Siege Tank  
  138  9:46  SCV x2  
  138  9:49  Marine x5  
  114  9:55  Marine x4  
  114  9:58  SCV x3  
  100  10:07  Marine x5  
  91  10:13  Marine x3  
  101  10:16  Siege Tank  
  100  10:22  Terran Infantry Armor Level 2, Terran Infantry Weapons Level 2  
  100  10:24  Marine x5  
  100  10:26  Medivac x2  
  100  10:27  SCV x3  
  109  10:31  Marine x3  
  109  10:32  Terran Vehicle Weapons Level 1  
  109  10:33  Barracks Reactor  
  109  10:35  Siege Tank  
  117  10:40  SCV x3  
  117  10:42  Marine x5  
  119  10:48  Siege Tank  
  119  10:49  Marine x3  
  131  11:00  Medivac x2, Marine x5  
  131  11:04  Refinery  
  140  11:07  Marine x3, Siege Tank  
  146  11:14  Marine x7  
  149  11:20  Siege Tank  
  149  11:25  Marine x3  
  159  11:28  Supply Depot x3  
  159  11:30  Medivac  
  159  11:32  Marine x7  
  163  11:35  Medivac  
  163  11:39  Siege Tank  
  172  11:42  Marine x3  
  175  11:50  Marine x7  
  178  11:58  Siege Tank  
  178  12:00  Marine x3  
  168  12:07  Marine x7  
  166  12:11  Siege Tank  
  174  12:18  Marine x3  
  170  12:25  Marine x7  
  176  12:30  Siege Tank  
  176  12:36  Marine x3  
  183  12:43  Marine x3  
  183  12:44  Siege Tank  
  186  12:51  Marine x6  
  192  13:02  Siege Tank  
  192  13:05  Marine x2  
  200  13:23  Marine x6  
Spawning Tool Build Advisor. Get it on Overwolf

Go to:

Details

  • Created by: amentini
  • Published on: Jul 06, 2026
  • Modified on: Jul 06, 2026
  • Patch: 5.0.16
  • Difficulty: Hard
Show
View Real Time Build Order
Export as new Build Order

Comments (0)

There are no comments. Be the first!

Create an account to comment!